 Dungeon Crawl Stone Soup version 0.24-a0-447-ge8da9206dc (webtiles) character file.

Game seed: 7807331149372286842

21767 Krouwed the Basher (level 13, 0/101 HPs)
             Began as a Human Fighter on June 25, 2019.
             Was a Priest of the Shining One.
             Engulfed by a cloud of flame (17 damage)
             ... in a volcano.
             The game lasted 00:48:31 (17498 turns).

Krouwed the Basher (Human Fighter)                 Turns: 17498, Time: 00:48:32

Health: 0/101      AC: 17    Str: 20    XL:     13   Next: 22%
Magic:  19/19      EV:  5    Int:  9    God:    the Shining One [***...]
Gold:   562        SH: 15    Dex: 14    Spells: 12/12 levels left

rFire    . . .     SeeInvis .   a - +5 flail (protect)
rCold    . . .     Gourm    .   c - +3 shield
rNeg     + . .     Faith    .   t - +0 plate armour
rPois    .         Spirit   .   (no helmet)
rElec    .         Reflect  .   (no cloak)
rCorr    +         Harm     .   (no gloves)
MR       .....                  C - +2 pair of boots
Stlth    ..........             z - amulet of magic regeneration
HPRegen  0.26/turn              x - ring of resist corrosion
MPRegen  0.41/turn              (no ring)

@: very slightly contaminated, glowing
A: no striking features
a: Divine Shield, Renounce Religion


You were in a volcano.
You worshipped the Shining One.
The Shining One was most pleased with you.
You were not hungry.

You visited 3 branches of the dungeon, and saw 15 of its levels.
You also visited: Volcano.

You collected 718 gold pieces.
You spent 156 gold pieces at shops.

Inventory:

Hand Weapons
 a - a +5 flail of protection (weapon)
 b - the +6 hunting sling of Autumn {venom, Int+3}
   (You took it off an orc on level 11 of the Dungeon)

   It poisons the ammo it fires.
   It affects your intelligence (+3).
Missiles
 B - 28 poisoned darts (quivered)
 I - 8 boomerangs
 J - 49 bolts
 K - 64 sling bullets
 L - 68 stones
Armour
 c - a +3 shield (worn)
 t - a +0 plate armour (worn)
 C - a +2 pair of boots (worn)
 M - a +2 pair of boots of running
Jewellery
 q - an uncursed ring of ice
 x - a ring of resist corrosion (left hand)
 z - an amulet of magic regeneration (around neck)
 D - an uncursed amulet of harm
Wands
 r - a wand of disintegration (13)
Scrolls
 e - a scroll of enchant weapon {unknown}
 g - 9 scrolls of remove curse
 j - 3 scrolls of teleportation
 l - a scroll of random uselessness
 n - 2 scrolls of fear
 p - a scroll of magic mapping {unknown}
 s - a scroll of noise
 w - a scroll of amnesia {unknown}
 y - 5 scrolls of fog
 E - a scroll of blinking {unknown}
 F - a scroll of acquirement {unknown}
 H - a scroll of vulnerability {unknown}
Potions
 d - 2 potions of mutation
 i - 6 potions of brilliance
 k - 8 potions of curing
 m - 3 potions of flight
 o - a potion of agility
 v - 5 potions of degeneration
 G - a potion of ambrosia
Comestibles
 f - 7 rations
 h - 5 chunks of flesh


   Skills:
 + Level 9.4 Fighting
 * Level 12.4 Maces & Flails
 + Level 9.4 Armour
 + Level 9.4 Shields
 + Level 8.8 Invocations


You had 12 spell levels left.
You didn't know any spells.
Your spell library was empty.

Dungeon Overview and Level Annotations

Branches:
Dungeon (13/15)            Temple (1/1) D:4            Lair (1/6) D:11
    Orc (0/2) D:9
 Vaults: D:13-14

Altars:
Ashenzari
Cheibriados
Dithmenos
Elyvilon
Fedhas
Gozag
Hepliaklqana
Kikubaaqudgha
Makhleb
Nemelex Xobeh
Okawaru
Qazlal
Ru
Sif Muna
Trog
Uskayaw
Vehumet
Wu Jian
Xom
Yredelemnul
Zin
The Shining One

Shops:
D:9 !

Annotations:
D:9 3 runed translucent doors, PeterQ's ghost, novice GnAs; Thantalas's ghost, novice GnWz
D:12 3 runed translucent doors, hemabe's ghost, journeyman HuAr


Message History

The salamander is severely wounded.
All of the chunks of flesh in your inventory have rotted away.
You thump the salamander!
The salamander is almost dead.
You kill the salamander!
K - 63 sling bullets (gained 3)
You see here a +4 glaive.
Items here: ( ))) ††
Okay, then.
Butcher a salamander corpse? [(y)es/(n)o/(a)ll/(q)uit/?]
You butcher the salamander corpse. x2
h - a chunk of flesh;
h - 5 chunks of flesh (gained 4)
Items here: ( ))) ÷÷ Your divine shield fades away.
You see here an arrow.
The air gets thick with the scent of sulphur.
K - 64 sling bullets (gained 1) In the distance, the volcano erupts with a roar.
You are engulfed in blazing flames.
You die...

#≈≈§#≈§ #§#○§☼☼☼
§≈§#≈§○#≈§§☼☼○☼#§
≈#☼≈§§§☼≈≈§§○☼○☼≈
§§§○≈≈○☼§§§☼§§§§≈
§§○☼☼§§☼§§○§☼§§§§
§≈○○○☼§§§☼○§○☼§§§
§≈§≈§§☼☼☼○☼☼§○☼○§
#○○○@○☼☼☼☼○§
####☼§☼#####☼☼○
##.##☼☼##
#∩#.#☼☼# #∩#.#○.#
###(#(.## ##))..#
##...)....
≈.≈≈≈≈≈≈≈


There were no monsters in sight!

Vanquished Creatures
  Erica (D:8)
  Sonja (D:11)
  5 skeletal warriors
  An unseen horror (D:12)
  3 cyclopes (D:12)
  3 ugly things
  3 salamanders (Volcano)
  An elephant (D:11)
  A black mamba (Lair:1)
  A spiny frog (Lair:1)
  A komodo dragon (Lair:1)
  An efreet (Volcano)
  A kobold demonologist (D:11)
  2 trolls
  A queen bee (D:8)
  Grinder (D:4)
  Prince Ribbit (D:6)
  5 slime creatures
  2 hippogriffs
  A vampire (D:10)
  A shadow (D:11)
  9 yaks
  A wyvern (D:11)
  Eustachio (D:5)
  A basilisk (D:11)
  A fire bat (Volcano)
  3 hungry ghosts
  Edmund (D:4)
  2 water moccasins
  2 hell hounds (Volcano)
  A porcupine (Lair:1)
  A phantom (D:10)
  5 orc warriors
  3 ice beasts
  3 sky beasts
  4 ogres
  3 centaurs
  2 crocodiles
  A wyvern zombie (D:12)
  3 bullfrogs
  A gnoll sergeant (D:9)
  3 scorpions
  25 killer bees
  3 wights (D:9)
  4 howler monkeys
  2 electric eels (D:9)
  5 crimson imps
  2 centaur zombies
  A lava snake (D:11)
  3 bullfrog zombies
  3 hounds
  2 quasits
  A bullfrog skeleton (D:11)
  5 centaur skeletons
  5 orc priests
  2 jellies
  14 orc wizards
  2 iguanas
  5 worker ants
  A hound zombie (D:7)
  8 gnolls
  12 adders
  An adder zombie (D:5)
  An adder skeleton (D:5)
  2 worms
  A dart slug (D:3)
  2 leopard geckos
  53 orcs
  2 ball pythons
  5 giant cockroaches
  2 goblins
  8 hobgoblins
  5 jackals
  7 quokkas
  4 bats
  A frilled lizard (D:2)
  10 kobolds
  2 leopard gecko skeletons
  4 rats
303 creatures vanquished.

Vanquished Creatures (others)
  An orc warrior (D:9)
  A centaur (Volcano)
  An orc (D:9)
  3 withered plants (D:9)
6 creatures vanquished.

Grand Total: 309 creatures vanquished

Notes
Turn   | Place    | Note
-------+----------+-------------------------------------------
     0 | D:1      | Krouwed the Human Fighter began the quest for the Orb.
     0 | D:1      | Reached XP level 1. HP: 18/18 MP: 1/1
   198 | D:1      | Reached XP level 2. HP: 22/24 MP: 2/2
   622 | D:2      | Reached XP level 3. HP: 14/29 MP: 3/3
   877 | D:2      | Found a deep blue altar of Sif Muna.
  1394 | D:3      | You fall into a shaft and drop 3 floors!
  1414 | D:6      | Found a blossoming altar of Fedhas.
  1426 | D:5      | Entered Level 5 of the Dungeon
  1474 | D:5      | Reached XP level 4. HP: 31/35 MP: 4/4
  1522 | D:5      | Noticed an ice beast
  1817 | D:4      | Reached skill level 3 in Maces & Flails
  1844 | D:4      | Reached XP level 5. HP: 37/41 MP: 5/5
  2277 | D:3      | Reached XP level 6. HP: 44/48 MP: 6/6
  2359 | D:3      | Reached skill level 4 in Maces & Flails
  2373 | D:3      | Found a bloodstained altar of Trog.
  2915 | D:4      | Noticed Edmund
  3202 | D:4      | Killed Edmund
  3202 | D:4      | Reached XP level 7. HP: 30/54 MP: 7/7
  3246 | D:4      | Found a shimmering altar of Xom.
  3605 | D:4      | Noticed Grinder
  3613 | D:4      | Paralysed by Grinder for 3 turns
  3620 | D:4      | Paralysed by Grinder for 5 turns
  3639 | D:4      | Killed Grinder
  3639 | D:4      | Reached skill level 5 in Maces & Flails
  3899 | D:4      | Found a staircase to the Ecumenical Temple.
  3924 | Temple   | Entered the Ecumenical Temple
  3947 | Temple   | Became a worshipper of the Shining One
  4711 | D:5      | Reached XP level 8. HP: 58/61 MP: 8/8
  4740 | D:5      | Found a snail-covered altar of Cheibriados.
  5086 | D:5      | Reached skill level 5 in Shields
  5387 | D:6      | Reached skill level 1 in Invocations
  5393 | D:6      | Noticed Eustachio
  5401 | D:6      | Noticed Prince Ribbit
  5413 | D:5      | Killed Eustachio
  5413 | D:5      | Reached skill level 5 in Fighting
  5413 | D:5      | Reached skill level 5 in Armour
  5423 | D:6      | Reached skill level 6 in Maces & Flails
  5427 | D:6      | Killed Prince Ribbit
  5670 | D:6      | Reached XP level 9. HP: 68/68 MP: 10/10
  6131 | D:7      | Found a snail-covered altar of Cheibriados.
  6138 | D:7      | Reached skill level 7 in Maces & Flails
  7533 | D:8      | Reached skill level 8 in Maces & Flails
  7533 | D:8      | Reached XP level 10. HP: 48/76 MP: 13/13
  7977 | D:8      | Found a white marble altar of Elyvilon.
  8000 | D:8      | Noticed Erica
  8255 | D:8      | Killed Erica
  8255 | D:8      | Reached skill level 5 in Invocations
  8710 | D:9      | Found a shadowy altar of Dithmenos.
  8710 | D:9      | Found a basalt altar of Yredelemnul.
  9233 | D:9      | Reached skill level 9 in Maces & Flails
  9251 | D:9      | Reached * piety under the Shining One
  9655 | D:9      | Noticed a two-headed ogre
  9678 | D:8      | HP: 3/79 [killer bee (5)]
  9971 | D:9      | Found Kenn's Distillery.
 10022 | D:9      | Bought a potion of might for 52 gold pieces
 10022 | D:9      | Bought a potion of heal wounds for 65 gold pieces
 10022 | D:9      | Bought a potion of curing for 39 gold pieces
 10224 | D:9      | Found a runed translucent gate.
 10224 | D:9      | Found a runed translucent gate.
 10224 | D:9      | Found a runed translucent gate.
 10224 | D:9      | Noticed PeterQ's ghost (novice GnAs)
 10225 | D:9      | Noticed Thantalas's ghost (novice GnWz)
 10727 | D:9      | Reached XP level 11. HP: 82/84 MP: 15/15
 11008 | D:9      | Found a staircase to the Orcish Mines.
 11083 | D:10     | Entered Level 10 of the Dungeon
 11137 | D:10     | Reached ** piety under the Shining One
 11726 | D:10     | Reached skill level 10 in Maces & Flails
 11846 | D:11     | Found a staircase to the Lair.
 11846 | D:11     | Noticed an elephant
 11860 | D:11     | Killed an elephant
 11878 | D:11     | Noticed a brown ugly thing
 12040 | D:10     | Killed a brown ugly thing
 12211 | D:11     | Noticed a soul eater
 12832 | D:11     | Noticed a red ugly thing
 13238 | D:11     | Identified the +6 hunting sling of Autumn {venom, Int+3}
 13350 | D:12     | Noticed a minotaur
 13350 | D:12     | Noticed a two-headed ogre
 13352 | D:12     | Noticed a six-headed hydra
 13353 | D:12     | Noticed hemabe's ghost (journeyman HuAr)
 13353 | D:12     | Noticed a cyclops
 13363 | D:12     | Killed a cyclops
 13413 | D:12     | Noticed an unseen horror
 13417 | D:12     | Reached *** piety under the Shining One
 13418 | D:12     | Killed an unseen horror
 13418 | D:12     | Reached XP level 12. HP: 86/93 MP: 17/17
 13584 | D:12     | Noticed Sonja
 13728 | D:12     | Noticed a skeletal warrior
 13739 | D:11     | Reached skill level 11 in Maces & Flails
 13775 | D:11     | Killed a skeletal warrior
 14388 | D:12     | Noticed a skeletal warrior
 14390 | D:12     | Noticed a skeletal warrior
 14393 | D:12     | Noticed a skeletal warrior
 14406 | D:12     | Noticed a skeletal warrior
 14408 | D:12     | Killed a skeletal warrior
 15440 | D:12     | Killed a skeletal warrior
 15463 | D:12     | Killed a skeletal warrior
 15726 | D:12     | Killed a skeletal warrior
 15726 | D:12     | Reached skill level 12 in Maces & Flails
 15969 | D:12     | Found a runed translucent gate.
 15969 | D:12     | Found a runed translucent gate.
 15969 | D:12     | Found a runed translucent gate.
 16186 | D:11     | Found a staircase to the Lair.
 16208 | D:11     | Killed Sonja
 17130 | Lair:1   | Entered Level 1 of the Lair of Beasts
 17170 | Lair:1   | Reached XP level 13. HP: 98/101 MP: 19/19
 17393 | Lair:1   | Found a dark tunnel.
 17402 | Volcano  | Entered a volcano
 17498 | Volcano  | Engulfed by a cloud of flame

Levels and vault maps discovered:
D:1:      evilmike_arrival_run_for_it, layout_rooms, supply_closet_lemuel
D:2:      layout_rooms, lemuel_blue_sif_altar
D:3:      layout_basic, lemuel_round_altar, first_ration, st_stairs_5,
          patterned_corridor
D:4:      layout_basic, temple_statues, xom_teletrap_fun, uniq_grinder,
          uniq_edmund
D:5:      layout_loops_ring, cheibriados_altar_1
D:6:      layout_rooms, fedhas_altar_fruit_tree, uniq_prince_ribbit1,
          uniq_eustachio
D:7:      layout_basic, lemuel_crystal_altar
D:8:      layout_loops_cross, elyvilon_altar_3, david_nohive_1, uniq_erica
D:9:      layout_rooms, minitemple, erik_orc_2, gammafunk_ghost_cemetery,
          serial_curves, eino_curves_01, eino_curves_02, eino_curves_03,
          eino_curves_02, serial_shops, nicolae_shop_statue_plus
D:10:     layout_loops_ring, kennysheep_cross_room, item_on_display_a
D:11:     layout_basic, david_lair_generic, kennysheep_opposing_triangles
D:12:     layout_grid_maze, maelrawn_ghost_gauntlet_escape, uniq_sonja
D:13:     layout_rooms, serial_curves, eino_curves_03, eino_curves_01,
          guppyfry_shop_venom
Temple:   regret_index_temple_sphere_string
Lair:1:   layout_concentric_octagons, nicolae_volcano_entry_two_sided,
          serial_bayou_shore_b
Volcano:  volcano_village

Skill      XL: |  1  2  3  4  5  6  7  8  9 10 11 12 |
---------------+-------------------------------------+-----
Maces & Flails | 3 4 5 6 8 9 10 12 | 12.4
Shields        | 4 5 6 7 8 9 |  9.4
Fighting       | 4 5 6 7 8 9 |  9.4
Armour         | 4 5 6 7 8 9 |  9.4
Invocations    | 2 4 5 7 8 |  8.8

Action                   |  1- 3 |  4- 6 |  7- 9 | 10-12 | 13-15 || total
-------------------------+-------+-------+-------+-------+-------++-------
Melee: Flail             |    91 |   203 |   263 |   841 |    61 ||  1459
 Fire: Shortbow          |       |       |       |     4 |       ||     4
       Hunting sling     |       |       |       |     2 |    21 ||    23
Throw: Boomerang         |       |       |    13 |    99 |       ||   112
       Dart              |       |       |       |    10 |     2 ||    12
Invok: Divine Shield     |       |       |       |     8 |     1 ||     9
Evoke: Wand              |       |       |       |     1 |       ||     1
  Use: Potion            |     1 |     2 |     2 |     8 |     4 ||    17
       Scroll            |       |     5 |       |    20 |     1 ||    26
  Eat: Chunk             |     2 |     5 |     5 |    14 |       ||    26
       Ration            |       |       |     6 |     8 |       ||    14
Armor: Scale mail        |    16 |       |       |       |       ||    16
       Chain mail        |    25 |    93 |   155 |    37 |       ||   310
       Plate armour      |       |       |       |   461 |    11 ||   472
       Skin              |       |       |       |       |    14 ||    14
Dodge: Dodged            |    23 |    44 |    53 |   143 |     4 ||   267
Block: Shield            |    55 |    85 |   133 |   470 |    84 ||   827

Table legend:
 A = Non-vault XP
 B = Vault XP
 C = Vault XP percentage of total XP
 D = Non-vault monster count
 E = Vault monster count
 F = Vault count percentage of total count
                 A         B        C        D         E       F
            +---------+---------+-------+---------+---------+-------
      Total |   22860 |    8237 |  26.5 |     243 |      61 |  20.1
            +---------+---------+-------+---------+---------+-------
        D:1 |       9 |       5 |  35.7 |       5 |       1 |  16.7
        D:2 |      47 |       0 |   0.0 |      14 |       0 |   0.0
        D:3 |     244 |       0 |   0.0 |      32 |       0 |   0.0
        D:4 |     196 |     445 |  69.4 |      15 |       5 |  25.0
        D:5 |     303 |     197 |  39.4 |      12 |       1 |   7.7
        D:6 |     280 |     268 |  48.9 |      10 |       1 |   9.1
        D:7 |     931 |     195 |  17.3 |      14 |       3 |  17.6
        D:8 |     795 |    2033 |  71.9 |      13 |      16 |  55.2
        D:9 |    1740 |     528 |  23.3 |      28 |      18 |  39.1
       D:10 |    2404 |       0 |   0.0 |      25 |       0 |   0.0
       D:11 |    5279 |    2081 |  28.3 |      34 |       8 |  19.0
       D:12 |    8544 |       0 |   0.0 |      29 |       0 |   0.0
       D:13 |     209 |       0 |   0.0 |       5 |       0 |   0.0
     Lair:1 |    1879 |       0 |   0.0 |       7 |       0 |   0.0
    Volcano |       0 |    2485 | 100.0 |       0 |       8 | 100.0
            +---------+---------+-------+---------+---------+-------
